AoeStats
← Atanar Klitza

Fortress

508158402Analyzed
3v3 RM · 12d ago on Sep 21, 2026· 65m 49s· 6 players
Game mode
Random Map
Map size
Large (8 player)
Population
200
Speed
Normal
Resources
Standard
Victory
Conquest
Starting age
Dark Age
Ending age
Imperial Age
RankedLock teamsTeams togetherTeam positionsShared explorationLock speedFull tech treeHidden civsTurbo modeCheats
Victory
Defeat
🇪🇸 Burgundians · Spain
783
+13
🇺🇸 Dravidians · United States
770
+13
🇨🇦 Japanese · Canada
724
+16
🇲🇽 Mongols · Mexico
745
-15
🇲🇽 Ethiopians · Mexico
706
-14
🇲🇽 Inca · Mexico
687
-13
karzmoy
3:00 Loom
13:45 Feudal Age
15:01 Wheelbarrow
14:12 Horse Collar
14:20 Double-Bit Axe
15:50 Champi Runner
21:20 Castle Age
21:51 Champi Warrior
22:34 Squires
22:21 Arson
24:30 Bow Saw
24:24 Heavy Plow
26:35 Hand Cart
32:03 Imperial Age
32:32 Ballistics
32:17 Heavy Scorpion
34:09 Chemistry
33:38 Conscription
33:23 Elite Kamayuk
35:03 Siege Engineers
36:49 Crop Rotation
36:15 Gold Mining
37:08 Forging
36:59 Scale Mail Armor
37:05 Fabric Shields
39:43 Chain Mail Armor
40:05 Iron Casting
42:44 Plate Mail Armor
43:16 Blast Furnace
52:31 Capped Ram
53:25 Siege Ram
54:33 Elite Champi Warrior
Atanar Klitza
0:49 Loom
9:59 Feudal Age
12:28 Wheelbarrow
11:39 Double-Bit Axe
13:57 Town Watch
17:14 Padded Archer Armor
17:05 Fletching
17:27 Forging
17:20 Scale Mail Armor
17:15 Gold Mining
17:17 Stone Mining
17:48 Horse Collar
20:00 Scale Barding Armor
23:12 Castle Age
25:35 Crossbowman
27:00 Bow Saw
27:28 Leather Archer Armor
27:12 Bodkin Arrow
28:24 Thumb Ring
28:44 Hand Cart
29:06 Town Patrol
30:16 Iron Casting
32:42 Imperial Age
30:52 Gold Shaft Mining
32:44 Stone Shaft Mining
35:12 Arbalester
37:01 Two-Man Saw
38:29 Ring Archer Armor
38:00 Bracer
39:04 Blast Furnace
38:10 Halberdier
38:52 Squires
39:05 Arson
41:15 Chain Mail Armor
45:55 Plate Mail Armor
Azteca Beleren
0:36 Loom
8:30 Feudal Age
10:01 Wheelbarrow
9:19 Double-Bit Axe
9:18 Horse Collar
14:09 Gold Mining
17:14 Castle Age
15:54 Fletching
16:11 Scale Barding Armor
18:14 Bow Saw
18:16 Heavy Plow
18:55 Gold Shaft Mining
19:53 Hand Cart
21:50 Bodkin Arrow
22:19 Chain Barding Armor
22:20 Bloodlines
22:12 Husbandry
26:50 Ballistics
29:02 Forging
32:53 Iron Casting
37:43 Stone Mining
41:04 Imperial Age
38:54 Padded Archer Armor
42:31 Conscription
42:29 Heavy Scorpion
43:50 Siege Engineers
44:46 Chemistry
44:45 Heavy Camel Rider
53:45 Nomads
55:46 Caravan
V snacks
8:31 Feudal Age
9:35 Feudal Age
8:27 Loom
10:13 Feudal Age
11:38 Town Watch
14:43 Wheelbarrow
14:46 Double-Bit Axe
15:08 Gold Mining
15:19 Horse Collar
16:19 Forging
16:09 Scale Mail Armor
16:03 Fletching
18:28 Castle Age
18:26 Stone Mining
21:54 Heavy Plow
23:20 Bodkin Arrow
23:26 Padded Archer Armor
24:41 Elite Skirmisher
27:22 Thumb Ring
29:09 Leather Archer Armor
29:27 Caravan
37:29 Imperial Age
42:46 Kataparuto
44:12 Bracer
44:48 Iron Casting
44:28 Chain Mail Armor
48:11 Elite Samurai
49:22 Pikeman
50:03 Squires
49:49 Arson
50:47 Bow Saw
53:18 Halberdier
57:20 Plate Mail Armor
57:51 Blast Furnace
59:27 Capped Ram
Darebear266178
11:15 Feudal Age
13:03 Double-Bit Axe
15:25 Castle Age
13:19 Gold Mining
16:20 Bow Saw
22:39 Wheelbarrow
24:01 Hand Cart
24:10 Horse Collar
29:33 Imperial Age
27:12 Heavy Plow
27:35 Town Watch
28:52 Fletching
29:02 Padded Archer Armor
30:07 Fortified Wall
30:08 Masonry
30:03 Caravan
30:31 Thumb Ring
30:37 Loom
31:00 Bodkin Arrow
31:20 Leather Archer Armor
31:37 Ballistics
32:18 Chemistry
30:44 Elite Elephant Archer
30:52 Pikeman
32:31 Bracer
32:32 Scale Mail Armor
32:43 Forging
34:18 Conscription
33:22 Halberdier
34:05 Squires
35:24 Ring Archer Armor
35:30 Iron Casting
35:11 Chain Mail Armor
42:18 Medical Corps
43:48 Husbandry
45:13 Light Cavalry
46:02 Scale Barding Armor
46:59 Blast Furnace
46:50 Plate Mail Armor
49:13 Chain Barding Armor
54:24 Wootz Steel
DOLAR2305
0:29 Loom
3:31 Wheelbarrow
2:46 Double-Bit Axe
7:49 Horse Collar
12:31 Feudal Age
11:42 Gold Mining
11:45 Stone Mining
13:29 Hand Cart
13:31 Bow Saw
17:37 Castle Age
17:18 Gold Shaft Mining
17:22 Stone Shaft Mining
17:01 Heavy Plow
18:36 Husbandry
17:57 Cavalier
27:43 Imperial Age
27:53 Paladin
32:21 Crop Rotation
32:54 Two-Man Saw
33:10 Conscription
33:00 Burgundian Vineyards
33:25 Forging
33:21 Scale Barding Armor
35:41 Iron Casting
35:27 Chain Barding Armor
37:43 Blast Furnace
37:12 Pikeman
37:58 Squires
37:45 Arson
38:47 Plate Barding Armor
38:58 Hoardings
40:20 Scale Mail Armor
41:31 Chemistry
40:12 Treadmill Crane
41:29 Caravan
42:00 Coinage
41:41 Guilds
47:50 Bombard Tower
47:28 Murder Holes
47:44 Fortified Wall
47:45 Masonry
48:28 Banking
48:27 Light Cavalry
50:22 Man-at-Arms
56:22 Chain Mail Armor
60:49 Long Swordsman
Connection lost

Rejoining the realm…

Still unreachable

The connection could not be restored.

Session expired

The server has moved on; the page needs a fresh start.